 Dungeon Crawl Stone Soup version 0.19-GnollCrawlA-1-g03664ee (webtiles) character file.

21 bananaken the Skirmisher (level 1, 0/19 HPs)
             Began as a Centaur Abyssal Knight on Feb 8, 2017.
             Was an Initiate of Yredelemnul.
             Slain by a gnoll
             ... wielding a +0 halberd
              (5 damage)
             ... on level 2 of the Abyss.
             The game lasted 00:04:01 (492 turns).

bananaken the Skirmisher (Centaur Abyssal Knight)    Turns: 492, Time: 00:04:01

Health: 0/19       AC:  7    Str: 14    XL:     1   Next: 0%
Magic:  2/2        EV:  8    Int: 15    God:    Yredelemnul [......]
Gold:   144        SH:  2    Dex:  8    Spells: 0 memorised, 0 levels left

rFire  . . .     SeeInvis .     a - +2 spear
rCold  . . .     Gourm    .     b - +0 leather armour
rNeg   . . .     Faith    .     k - +0 buckler "Fonoh" {rElec Int+4} (curse)
rPois  .         Spirit   .     f - +2 helmet
rElec  +         Dismiss  .     (no cloak)
rCorr  .         Reflect  .     (no gloves)
SustAt .         Harm     .     (no barding)
MR     .....                    (no amulet)
Stlth  ..........               (no ring)
                                (no ring)

@: very quick
A: hooves 3, deformed body, speed 2, tough skin 3
a: Renounce Religion


You were on level 2 of the Abyss.
You worshipped Yredelemnul.
Yredelemnul was noncommittal.
You were not hungry.

You visited 0 branches of the dungeon, and saw 0 of its levels.
You visited the Abyss 1 time.

You collected 144 gold pieces.

Inventory:

Hand Weapons
 a - a +2 spear (weapon)
Armour
 b - a +0 leather armour (worn)
 f - a +2 helmet (worn)
 k - the cursed +0 buckler "Fonoh" (worn) {rElec Int+4}
   (You found it on level 2 of the Abyss)

   It affects your intelligence (+4).
   It insulates you from electricity.
   It has a curse placed upon it.
Jewellery
 i - a cursed amulet of inaccuracy {unknown}
Wands
 h - a wand of random effects (20/48)
Books
 g - a book of Debilitation

   Spells                             Type                      Level
   a - Corona                         Hexes                        1
   b - Slow                           Hexes                        2
   c - Gell's Gravitas                Hexes/Translocation          3
   d - Inner Flame                    Hexes/Fire                   3
   e - Cause Fear                     Hexes                        4
   f - Leda's Liquefaction            Hexes/Earth                  4
Comestibles
 c - 2 bread rations


   Skills:
 + Level 3.0 Fighting
 + Level 1.7 Polearms
 + Level 1.3 Armour
 + Level 0.6 Dodging
 + Level 2.0 Invocations


You couldn't memorise any spells.
You didn't know any spells.

Dungeon Overview and Level Annotations

Branches:
Dungeon (0/15)

Altars:


Innate Abilities, Weirdness & Mutations

You have hooves in place of feet.
Armour fits poorly on your strangely shaped body.
You cover ground very quickly.
You have extremely tough skin. (AC +3)


Message History

Press: ? - help, Shift-Dir - straight line, f - gnoll
Aim: a gnoll, wielding a halberd The bolt of fire hits the gnoll.
You kill the gnoll!
Yredelemnul accepts your kill.
The bolt of fire hits the gnoll.
The gnoll is severely wounded.
Evoking this partially-identified wand wasted a few charges.
The substance of the Abyss twists violently, and a gateway leading out appears!
The gnoll hits you from afar with a halberd.
* * * LOW HITPOINT WARNING * * *
Evoke which item? (* to show all) (? for menu, Esc to quit)
Zapping:
h - a wand of random effects {zapped: 8} (will waste charges)
Press: ? - help, Shift-Dir - straight line, f/p - gnoll
Aim: a gnoll, wielding a halberd (severely wounded)
The gnoll seems to speed up.
Evoking this partially-identified wand wasted a few charges.
The gnoll hits you from afar with a halberd.
You die...
Your body rises from the dead as a mindless zombie.

.. ... .... .# ...
# #.#..
#....#.###..#
.#.##.###.≈g#.....#
.# ## ≈♣#...##..# #
... ≈.##.#....# ..
..≈ ##......#... .
≈ . g.#g# . . ...
#.(#.#§## ### #.##.
#§@# #.. #.##### #
#. # . .#


You could see a gnoll.

Vanquished Creatures
  2 gnolls (Abyss:2)
2 creatures vanquished.

Notes
Turn   | Place    | Note
-------+----------+-------------------------------------------
     0 | Abyss:1  | bananaken the Centaur Abyssal Knight began the quest for the Orb.
     0 | Abyss:1  | Reached XP level 1. HP: 19/19 MP: 2/2
   229 | Abyss:2  | Got a faintly humming buckler
   237 | Abyss:2  | Identified the cursed +0 buckler "Fonoh" {rElec Int+4} (You found it on level 2 of the Abyss)
   382 | Abyss:2  | Found a basalt altar of Yredelemnul.
   388 | Abyss:2  | Fell from the grace of Lugonu
   388 | Abyss:2  | Became a worshipper of Yredelemnul the Dark
   492 | Abyss:2  | Slain by a gnoll

Action                   || total
-------------------------++-------
Melee: Spear             ||     8
Evoke: Wand              ||     4
  Use: Scroll            ||     3
       Potion            ||     1
Dodge: Dodged            ||     3
